 Dungeon Crawl Stone Soup version 0.18.1-50-g88ac8fd (webtiles) character file.

970 Ilten the Charlatan (level 7, 30/61 HPs)
             Began as a Deep Dwarf Artificer on Apr 4, 2017.
             Was a Priest of Cheibriados.
             Got out of the dungeon alive.
             The game lasted 00:38:10 (3985 turns).

Ilten the Charlatan (Deep Dwarf Artificer)          Turns: 3985, Time: 00:38:11

Health: 30/61      AC: 12    Str: 24    XL:     7   Next: 94%
Magic:  10/10      EV: 16    Int: 21    God:    Cheibriados [***...]
Gold:   51         SH:  0    Dex: 21    Spells: 0 memorised, 6 levels left

rFire  . . .     SeeInvis .     o - +3 dagger (drain)
rCold  . . .     Gourm    .     m - +3 chain mail (curse)
rNeg   . . .     Faith    .     (no shield)
rPois  .         Spirit   .     (no helmet)
rElec  .         Dismiss  .     (no cloak)
rCorr  .         Reflect  .     (no gloves)
SustAt .         Harm     .     (no boots)
MR     +....                    (no amulet)
Stlth  ..........               (no ring)
                                r - +4 ring of evasion

@: non-regenerating, very slow, somewhat resistant to hostile enchantments,
extremely unstealthy
A: damage resistance, recharge devices, sense surroundings 1, slow regeneration
3
a: Device Recharging, Bend Time, Temporal Distortion, Renounce Religion


You escaped.
You worshipped Cheibriados.
Cheibriados was most pleased with you.
You were not hungry.

You visited 1 branch of the dungeon, and saw 4 of its levels.

You collected 183 gold pieces.
You spent 132 gold pieces at shops.

Inventory:

Hand Weapons
 a - a +0 short sword
 k - a +0 mace
 o - a +3 dagger of draining (weapon)
 t - a +0 scythe
Armour
 b - a +0 leather armour
 l - a +0 ring mail
 m - a cursed +3 chain mail (worn)
Jewellery
 r - a +4 ring of evasion (left hand)
Wands
 c - a wand of flame (8/48)
 d - a wand of enslavement (6/24)
 e - a wand of random effects (15/48)
 f - a wand of heal wounds (2/9)
 u - a wand of lightning (1/15)
Scrolls
 j - 2 scrolls of identify
 y - a scroll of blinking
Potions
 i - 2 potions of mutation {unknown}
 n - a potion of haste {unknown}
 p - a potion of resistance
 v - a potion of beneficial mutation {unknown}
 x - 2 potions of heal wounds {unknown}
 z - a potion of berserk rage {unknown}
Comestibles
 g - 3 bread rations
 h - a royal jelly
 q - 2 meat rations
 s - a beef jerky
 w - 3 fruits


   Skills:
 + Level 2.7 Fighting
 + Level 3.1 Short Blades
 + Level 0.6 Maces & Flails
 + Level 5.2 Armour
 + Level 5.5 Dodging
 + Level 2.1 Stealth
 + Level 0.3 Invocations
 + Level 5.8 Evocations


You had 6 spell levels left.
You didn't know any spells.

Dungeon Overview and Level Annotations

Branches:
Dungeon (4/15)
 Temple: D:4-7

Altars:
Cheibriados

Shops:
D:4 %


Innate Abilities, Weirdness & Mutations

You are resistant to damage.
You can recharge devices by infusing magical energy.
You passively map a small area around you.
You do not regenerate naturally.


Message History

You miss the bat. The bat misses you.
You hit the bat.
The bat is heavily wounded.
The bat closely misses you. The bat closely misses you. The bat misses you.
The bat barely misses you. x2
You hit the bat.
You kill the bat!
Cheibriados thoroughly appreciates the change of pace.
Cheibriados raises the support of your attributes as your movement slows.
Unknown command.
A giant newt comes into view.
The giant newt misses you. x2
You hit the giant newt.
You kill the giant newt!
Cheibriados appreciates the change of pace.
You see here a giant newt corpse.
There is a staircase leading out of the dungeon here.
Are you sure you want to leave the Dungeon?
This will make you lose the game!
You have escaped!

#.#..##..# #.###..b....#
#........# #.##>....##.#
####......# #.##.....##.## .#
######.# #.##.........### .###
##)## #.......###†.... ...# #...#
######### ###### ...# #...#
####### ####### ...# #...#
##..#(.###.##..# .### #...#
##.@...###......####
.#######...###.....###..(...###.#
..#.........##....#...(...### #..
...........###.........#### #..
#.#........##....(...### ##..
#.######..###......### ##... #.#
#.)##.....### #.... #.#
#..#...#### ###...# ..# #..#.###
######....##


There were no monsters in sight!

Vanquished Creatures
  Sigmund (D:2)
  Eustachio (D:4)
  Duvessa (D:4)
  The ghost of ThePumpkin the Ducker, an amateur TrCK of Xom (D:3)
  An ogre (D:4)
  Dowan (D:4)
  A gnoll shaman (D:4)
  A hound (D:4)
  Natasha (twice) (D:2)
  Terence (D:2)
  2 worker ants
  12 gnolls
  A howler monkey skeleton (D:4)
  3 adders
  An ooze (D:1)
  2 dart slugs
  A worm (D:2)
  2 giant geckos (D:3)
  An orc (D:3)
  A ball python (D:1)
  11 bats
  2 giant cockroaches (D:1)
  9 goblins
  5 hobgoblins
  6 jackals
  2 quokkas
  4 giant newts
  5 kobolds
  7 rats
88 creatures vanquished.

Vanquished Creatures (collateral kills)
  A giant gecko (D:4)
  3 jackals
4 creatures vanquished.

Vanquished Creatures (others)
  An adder (D:4)
  An adder skeleton (D:4)
  A jackal (D:4)
3 creatures vanquished.

Grand Total: 95 creatures vanquished

Notes
Turn   | Place    | Note
--------------------------------------------------------------
     0 | D:1      | Ilten the Deep Dwarf Artificer began the quest for the Orb.
     0 | D:1      | Reached XP level 1. HP: 16/16 MP: 3/3
   187 | D:1      | Reached XP level 2. HP: 21/24 MP: 5/5
   351 | D:1      | Reached skill level 1 in Short Blades
   408 | D:1      | Reached skill level 1 in Fighting
   610 | D:1      | Reached XP level 3. HP: 31/31 MP: 6/6
  1184 | D:2      | Found a faded altar to an unknown god.
  1204 | D:2      | Became a worshipper of Cheibriados the Contemplative
  1204 | D:2      | Reached * piety under Cheibriados
  1276 | D:2      | Reached XP level 4. HP: 38/38 MP: 7/7
  1362 | D:2      | Noticed Natasha
  1368 | D:2      | Killed Natasha
  1368 | D:2      | Reached skill level 5 in Evocations
  1524 | D:2      | Reached skill level 1 in Armour
  1593 | D:2      | Reached ** piety under Cheibriados
  1708 | D:2      | Noticed Terence
  1734 | D:2      | Killed Terence
  1923 | D:2      | Noticed Natasha
  1942 | D:2      | Killed Natasha
  1942 | D:2      | Reached XP level 5. HP: 38/45 MP: 8/8
  2015 | D:2      | Noticed Sigmund
  2030 | D:2      | Killed Sigmund
  2030 | D:2      | Reached XP level 6. HP: 29/52 MP: 9/9
  2244 | D:3      | Noticed ThePumpkin's ghost (amateur TrCK)
  2298 | D:3      | Killed ThePumpkin's ghost
  2415 | D:3      | Reached skill level 5 in Dodging
  2808 | D:3      | Reached *** piety under Cheibriados
  2868 | D:4      | Noticed Eustachio
  2895 | D:4      | Killed Eustachio
  2895 | D:4      | Reached XP level 7. HP: 50/61 MP: 10/10
  3024 | D:4      | Noticed Dowan
  3025 | D:4      | Noticed Duvessa
  3033 | D:4      | Killed Dowan
  3044 | D:4      | Killed Duvessa
  3052 | D:4      | Reached skill level 5 in Armour
  3338 | D:4      | Found Cewebyso's Food Shop.
  3347 | D:4      | Bought a meat ration for 60 gold pieces
  3347 | D:4      | Bought a beef jerky for 18 gold pieces
  3347 | D:4      | Bought 3 fruits for 54 gold pieces
  3985 | D:$      | Got out of the dungeon alive.

Skill      XL: |  1  2  3  4  5  6  7 |
---------------+----------------------+-----
Short Blades   | 1 2 3 |  3.1
Fighting       | 1 2 |  2.7
Dodging        | 3 4 5 |  5.5
Evocations     | 5 |  5.8
Armour         | 1 2 4 5 |  5.2
Stealth        | 2 |  2.1
Maces & Flails | |  0.6
Invocations    | |  0.3

Action                   |  1- 3 |  4- 6 |  7- 9 || total
-------------------------+-------+-------+-------++-------
Melee: Short sword       |    22 |       |       ||    22
       Mace              |    31 |       |       ||    31
       Dagger            |    49 |   212 |    86 ||   347
Invok: Bend Time         |       |     1 |       ||     1
 Abil: Device Recharging |       |     1 |       ||     1
Evoke: Wand              |     5 |    14 |     9 ||    28
  Use: Scroll            |     1 |     4 |     2 ||     7
  Eat: Bread ration      |     1 |       |       ||     1
       Royal jelly       |       |       |     1 ||     1
Armor: Leather armour    |     5 |       |       ||     5
       Chain mail        |    66 |    95 |    67 ||   228
       Ring mail         |     4 |       |       ||     4
Dodge: Dodged            |    52 |   157 |   175 ||   384
